 Dungeon Crawl Stone Soup version 0.18-a0-2-g0e512fa (webtiles) character file.

2921 Eptagon the Martial Artist (level 9, -5/64 HPs)
             Began as an Octopode Monk on Oct 31, 2015.
             Was an Elder of Dithmenos.
             Slain by Joseph
             ... wielding a +0 quarterstaff of draining
              (6 damage)
             ... on level 8 of the Dungeon.
             The game lasted 00:22:50 (8688 turns).

Eptagon the Martial Artist (Octopode Monk)          Turns: 8688, Time: 00:22:50

Health: -5/64      AC:  3    Str:  9    XL:     9   Next: 79%
Magic:  18/18      EV: 12    Int: 12    God:    Dithmenos [****..]
Gold:   293        SH:  2    Dex: 17    Spells: 0 memorised, 8 levels left

rFire  . . .     SeeInvis .       - Unarmed
rCold  + . .     Clarity  .     (no shield)
rNeg   . . .     SustAt   +     q - +0 hat {MR+}
rPois  .         Gourm    .     (no amulet)
rElec  .         Spirit   .     e - ring of sustain attributes
rCorr  .         Warding  .     i - ring of magical power
rMut   .         Stasis   .     (no ring)
MR     +....                    (no ring)
Stlth  ++++++++..               (no ring)
                                (no ring)
                                (no ring)
                                (no ring)

@: wreathed by umbra, heavily drained, somewhat resistant to hostile
enchantments, extraordinarily stealthy
A: almost no armour, amphibious, 8 rings, constrict 8, large bone plates 1,
camouflage 1, cold resistance 1, weak 1, gelatinous body 1
a: Shadow Step, Renounce Religion


You were on level 8 of the Dungeon.
You worshipped Dithmenos.
Dithmenos was greatly pleased with you.
You were not hungry.

You visited 1 branch of the dungeon, and saw 8 of its levels.

You collected 293 gold pieces.

Inventory:

Missiles
 b - 46 poisoned needles
 z - a throwing net (quivered)
Armour
 o - a +0 buckler
 q - a +0 hat of magic resistance (worn)
Jewellery
 e - a ring of sustain attributes (left tentacle)
 i - a ring of magical power (right tentacle)
 r - an uncursed ring of teleportation
Wands
 g - a wand of confusion (17)
 s - a wand of enslavement (5)
 w - a wand of confusion (25)
Scrolls
 t - a scroll of fog {unknown}
 u - a scroll of enchant weapon
 v - a scroll of vulnerability {unknown}
 x - a scroll of blinking {unknown}
 y - a scroll of fear
Potions
 c - a potion of ambrosia
 f - 2 potions of brilliance
 h - 3 potions of heal wounds
 k - a potion of haste {unknown}
 l - 2 potions of lignification {unknown}
 m - a potion of curing
 n - a potion of agility
 p - 3 potions of magic
Comestibles
 a - 2 bread rations
 d - 5 meat rations
 j - 2 beef jerkies


   Skills:
 - Level 7.0(4.6) Fighting
 + Level 3.8(1.6) Dodging
 + Level 9.4(6.9) Stealth
 * Level 10.2(7.7) Unarmed Combat


You had 8 spell levels left.
You didn't know any spells.

Dungeon Overview and Level Annotations

Branches:
Dungeon (8/15)             Temple (0/1) D:6
   Lair: D:8-11

Altars:
Dithmenos

Annotations:
D:3 Lukas's ghost, amateur DrBe
D:4 Vex's ghost, novice TrMo
D:6 vible's ghost, novice HOGl
D:8 Joseph


Innate Abilities, Weirdness & Mutations

You cannot wear most types of armour.
You are amphibious.
You can wear up to eight rings at the same time.
You can use your tentacles to constrict eight enemies at once.
Your skin changes colour to match your surroundings (Stealth).
Your rubbery body absorbs attacks (AC +1).
You are partially covered in large bone plates (AC +2, SH +2).
Your flesh is cold resistant.
You are weak. (Str -2)


Message History

You tentacle-slap Joseph but do no damage.
You squeeze Joseph.
Joseph is severely wounded.
You constrict Joseph. The adder zombie bites you.
* * * LOW HITPOINT WARNING * * *
Joseph hits you with an uncursed quarterstaff of draining.
* * * LOW HITPOINT WARNING * * *
You feel drained.
* * * LOW HITPOINT WARNING * * *
You barely miss Joseph.
Joseph is severely wounded.
You constrict Joseph.
The adder zombie bites you but does no damage.
You tentacle-slap Joseph.
Joseph is almost dead.
You constrict Joseph.
Joseph hits you with an uncursed quarterstaff of draining!
* * * LOW HITPOINT WARNING * * *
You feel drained.
You die...

#. #.#..##.. #.##
#####)......# #...
.........#### #..#
####.#..####
####..########.#....[.
#...$.................
#.###..####........###
#@Z####.##..#.....
#@.##...##..#..##.
#..##.####..#..#
#..##.# #..#..#
#.(##.# #..#..#
#.(##.####..#..#
##.###..##..........#
.............<.....#
##.##.(...#.####>.##
#....>.....# ....


You could see Joseph and an adder zombie.

Vanquished Creatures
  The ghost of Vergil the Caller, an amateur OpSu (D:4)
  A water moccasin (D:6)
  A sky beast (D:6)
  2 ice beasts (D:5)
  6 ogres
  2 phantoms
  4 giant frogs
  2 killer bees (D:7)
  2 scorpions
  3 crimson imps (D:7)
  2 jellies
  A centaur zombie (D:5)
  3 giant frog skeletons
  4 hounds
  Crazy Yiuf (D:3)
  6 orc wizards
  6 worker ants
  An orc priest (D:5)
  Natasha (twice) (D:2)
  5 iguanas
  A killer bee zombie (D:5)
  3 worker ant zombies
  A hound skeleton (D:6)
  A gnoll (D:8)
  14 adders
  2 shadow imps
  An adder zombie (D:7)
  2 worms
  An adder skeleton (D:5)
  7 giant geckos
  24 orcs
  2 ball pythons
  2 goblins
  9 hobgoblins
  8 jackals (D:3)
  3 quokkas
  A ball python skeleton (D:5)
  7 bats
  5 giant cockroaches
  A giant gecko zombie (D:8)
  4 giant newts
  12 kobolds
  A rat (D:2)
167 creatures vanquished.

Vanquished Creatures (collateral kills)
  2 killer bees (D:7)
2 creatures vanquished.

Grand Total: 169 creatures vanquished

Notes
Turn   | Place    | Note
--------------------------------------------------------------
     0 | D:1      | Eptagon the Octopode Monk began the quest for the Orb.
     0 | D:1      | Reached XP level 1. HP: 16/16 MP: 1/1
    81 | D:1      | Reached XP level 2. HP: 15/21 MP: 2/2
   620 | D:1      | Reached XP level 3. HP: 22/26 MP: 3/3
  1425 | D:2      | Found a faded altar to an unknown god.
  1429 | D:2      | Became a worshipper of Dithmenos the Shadowed
  1429 | D:2      | Reached * piety under Dithmenos
  1429 | D:2      | Reached ** piety under Dithmenos
  1568 | D:2      | Reached XP level 4. HP: 28/33 MP: 4/4
  1581 | D:2      | Noticed Natasha
  1589 | D:2      | Killed Natasha
  1589 | D:2      | Reached skill level 5 in Unarmed Combat
  2056 | D:3      | Reached *** piety under Dithmenos
  2077 | D:3      | Reached XP level 5. HP: 30/37 MP: 5/5
  2521 | D:3      | Noticed Lukas's ghost (amateur DrBe)
  2738 | D:2      | Noticed Natasha
  2744 | D:2      | Killed Natasha
  2968 | D:3      | Noticed Crazy Yiuf
  2977 | D:3      | Killed Crazy Yiuf
  2977 | D:3      | Reached XP level 6. HP: 19/44 MP: 6/6
  3465 | D:3      | Gained mutation: You are weak. (Str -2) [potion of mutation]
  3465 | D:3      | Gained mutation: Your flesh is cold resistant. [potion of mutation]
  3465 | D:3      | Gained mutation: You are partially covered in large bone plates (AC +2, SH +2). [potion of mutation]
  3843 | D:3      | Reached skill level 6 in Unarmed Combat
  3937 | D:4      | Noticed Vergil's ghost (amateur OpSu)
  4192 | D:4      | Noticed Vex's ghost (novice TrMo)
  4260 | D:4      | Reached XP level 7. HP: 37/49 MP: 7/7
  4486 | D:4      | Reached skill level 5 in Fighting
  4588 | D:4      | Killed Vergil's ghost
  4588 | D:4      | Reached skill level 5 in Stealth
  4823 | D:4      | Reached skill level 7 in Unarmed Combat
  5043 | D:5      | Entered Level 5 of the Dungeon
  5076 | D:5      | Reached XP level 8. HP: 54/57 MP: 8/8
  5085 | D:5      | Reached **** piety under Dithmenos
  5272 | D:5      | Reached skill level 8 in Unarmed Combat
  6241 | D:6      | Found a staircase to the Ecumenical Temple.
  6275 | D:6      | Reached skill level 9 in Unarmed Combat
  6294 | D:6      | Reached XP level 9. HP: 61/63 MP: 9/9
  6983 | D:7      | Noticed a hill giant
  7041 | D:6      | Noticed vible's ghost (novice HOGl)
  7982 | D:8      | Reached ***** piety under Dithmenos
  7990 | D:8      | Reached skill level 10 in Unarmed Combat
  8001 | D:8      | Noticed a hill giant
  8406 | D:8      | Noticed Joseph
  8688 | D:8      | HP: 1/64 [Joseph/uncursed quarterstaff of draining (13)]
  8688 | D:8      | Slain by Joseph

Vault maps used:
D:1:      minmay_arrival_doors, hangedman_decor_push, hex_tiny,
          minmay_large_rounded_square, dk_noncrumbling_4
D:2:      ecumenical_altar_1, uniq_natasha
D:3:      first_bread, uniq_crazy_yiuf_cottage
D:6:      minmay_temple_entry_butterflies
D:8:      grunt_qazlal_clouds, uniq_joseph

Action                   |  1- 3 |  4- 6 |  7- 9 || total
-------------------------+-------+-------+-------++-------
Melee: Unarmed           |    59 |   138 |   277 ||   474
 Abil: Evoke Teleportati |       |       |     1 ||     1
Evoke: Wand              |       |       |     4 ||     4
  Use: Scroll            |     3 |     5 |     2 ||    10
       Potion            |       |     5 |       ||     5
 Stab: Sleeping          |    11 |    11 |    40 ||    62
       Distracted        |       |       |     3 ||     3
  Eat: Chunk             |     2 |     8 |    15 ||    25
